 Dungeon Crawl Stone Soup version 0.26-b1-45-g23770d1d51 (webtiles) character file.

Game seed: 746824826743053074

35 Mattiprrivan the Magician (level 3, 0/26 HPs)
             Began as a Barachi Wanderer on Jan 6, 2021.
             Slain by a goblin
             ... wielding a +0 club
             ... led by Robin
              (5 damage)
             ... on level 1 of the Dungeon.
             The game lasted 00:14:12 (1806 turns).

Mattiprrivan the Magician (Barachi Wanderer)        Turns: 1806, Time: 00:14:12

Health: 0/26       AC:  3    Str:  9 (11) XL:     3   Next: 35%
Magic:  8/8        EV: 11    Int: 12 (15) God:
Gold:   48         SH:  0    Dex:  9 (11) Spells: 6/9 levels left

rFire    + . .     SeeInvis +   a - +2 dagger
rCold    . . .     Faith    .   (no shield)
rNeg     . . .     Spirit   .   e - +1 robe
rPois    .         Reflect  .   (no helmet)
rElec    .         Harm     .   (no cloak)
rCorr    .         Rampage  .   (no gloves)
Will     .....                  (no boots)
Stlth    +.........             (no amulet)
HPRegen  0.08/turn              d - ring of protection from fire
MPRegen  0.11/turn              b - ring of see invisible

@: can't hop, slow
A: +LOS, swims, slowness 1, strong legs 1
a: Hop


You were on level 1 of the Dungeon.
You visited 1 branch of the dungeon, and saw 2 of its levels.

You collected 48 gold pieces.

Inventory:

Hand Weapons
 a - a +2 dagger (weapon)
Armour
 e - a +1 robe (worn)
Jewellery
 b - a ring of see invisible (right hand)
 d - a ring of protection from fire (left hand)
Scrolls
 c - a scroll of enchant armour


   Skills:
 * Level 1.4 Fighting
 * Level 0.8 Short Blades
 * Level 1.3(1.5) Axes
 * Level 0.7(1.1) Maces & Flails
 * Level 0.2(0.7) Polearms
 * Level 1.6 Armour
 * Level 0.4 Dodging
 * Level 1.2 Stealth
 * Level 3.6 Spellcasting
 * Level 2.0 Necromancy
 * Level 1.1 Evocations


You had 6 spell levels left.
You knew the following spells:

 Your Spells              Type           Power        Failure   Level
a - Pain                  Necr           28%          10%         1
b - Corpse Rot            Necr/Air       N/A          22%         2

Your spell library contained the following spells:

 Spells                   Type           Power        Failure   Level
 Vampiric Draining        Necr           3%           30%         3
 Poisonous Vapours        Pois/Air       4%           34%         2


Dungeon Overview and Level Annotations

Branches:
Dungeon (2/15)

Altars:

Annotations:
D:2 Robin


Innate Abilities, Weirdness & Mutations

You can be seen from farther away. (+LOS)
You can swim through water.
You cover ground slowly.
You can hop short distances.


Message History

The goblin hits you but does no damage. The goblin hits you.
There is a stone staircase leading up here.
The goblin shouts!
The goblin hits you. x2; The hobgoblin hits you with a +0 club!
* * * LOW HITPOINT WARNING * * *
The goblin barely misses you. The hobgoblin closely misses you.
You climb upwards.
There is a stone staircase leading down here.
Hop to where?
Press: ? - help, Dir - move target Boing!
The goblin hits you.
* * * LOW HITPOINT WARNING * * *
The goblin barely misses you.
Things that are here:
a +0 dagger; a +0 club
Okay, then.
You aren't carrying any potions.
The goblin hits you with a +0 club.
You die...

..# #.##.# #..># #.#
#....# #.### (.# ####.#
#.# ..# #.# #.# ..# #.#
#.# ..# #.# #.# ..# #.#
#.# ..# #.# #.# ..# #.#
#@# ### #.# #.# #g####.##
#.# #.#
#g.)g...########## #.#
#.# ####gg............
#.# ###.###
##.......######## #.#
#.....# #.>g..........#
..#
#.###.####.......####.###
### #.# #............#
#.... ###
#.###.######...#.# #####


You could see 2 goblins.

Vanquished Creatures
  A dart slug (D:1)
  5 bats (D:1)
  A giant cockroach (D:1)
  2 goblins (D:1)
  7 hobgoblins (D:1)
  7 jackals (D:1)
  A frilled lizard (D:1)
  2 kobolds (D:1)
  A rat (D:1)
27 creatures vanquished.

Notes
Turn   | Place    | Note
-------+----------+-------------------------------------------
     0 | D:1      | Mattiprrivan the Barachi Wanderer began the quest for the
                  | Orb.
     0 | D:1      | Mattiprrivan set off with the following items: a +2 dagger,
                  | a scroll of fear, a +0 robe; and the following spell
                  | memorised: Pain; and the following spells available to
                  | memorise: Corpse Rot, Vampiric Draining, Poisonous Vapours
     0 | D:1      | Reached XP level 1. HP: 15/15 MP: 4/4
    95 | D:1      | Reached XP level 2. HP: 7/21 MP: 0/6
   423 | D:1      | Learned a level 2 spell: Corpse Rot
  1101 | D:1      | Reached XP level 3. HP: 18/26 MP: 1/8
  1667 | D:2      | Noticed Robin
  1806 | D:1      | Slain by a goblin

Illustrated notes

Levels and vault maps discovered:
D:1:      matt_arrival_diagonals, layout_loops_ring
D:2:      layout_rooms, grunt_ministairs_3, uniq_robin

Skill      XL: |  1  2  3 |
---------------+----------+-----
Necromancy     | 2 |  2.0
Fighting       | |  1.4
Short Blades   | |  0.8
Axes           | |  1.3
Maces & Flails | |  0.7
Polearms       | |  0.2
Armour         | |  1.6
Dodging        | |  0.4
Stealth        | |  1.2
Spellcasting   | |  3.6
Evocations     | |  1.1

Action                   || total
-------------------------++-------
Melee: Dagger            ||    86
 Cast: Pain              ||    40
 Abil: Hop               ||     2
  Use: Scroll            ||     5
       Potion            ||     4
 Stab: Sleeping          ||     2
Armor: Robe              ||    57
Dodge: Dodged            ||    89
